 Dungeon Crawl Stone Soup version 0.22.0-21-g8bd1b0a76a (webtiles) character file.

1425 Kniotic the Cleaver (level 8, -4/96 HPs)
             Began as a Minotaur Berserker on Aug 19, 2018.
             Was an Elder of Trog.
             Slain by an iguana (13 damage)
             ... on level 6 of the Dungeon.
             The game lasted 00:05:35 (5971 turns).

Kniotic the Cleaver (Minotaur Berserker)            Turns: 5971, Time: 00:05:35

Health: -4/96      AC:  2    Str: 29    XL:     8   Next: 44%
Magic:  7/7        EV: 12    Int:  4    God:    Trog [****..]
Gold:   427        SH:  0    Dex: 10    Spells: 7/7 levels left

rFire    . . .     SeeInvis .   f - +1 war axe
rCold    . . .     Gourm    +   (no shield)
rNeg     . . .     Faith    .   b - +0 animal skin
rPois    .         Spirit   .   (helmet restricted)
rElec    .         Reflect  .   q - scarf {repulsion}
rCorr    .         Harm     .   (no gloves)
MR       .....                  (no boots)
Stlth    ..........             y - amulet of the gourmand
HPRegen  0.26/turn              (no ring)
MPRegen  0.10/turn              (no ring)

@: berserking, repel missiles, very quick
A: retaliatory headbutt, horns 2
a: Berserk, Trog's Hand, Brothers in Arms, Renounce Religion


You were on level 6 of the Dungeon.
You worshipped Trog.
Trog was greatly pleased with you.
You were full.

You visited 1 branch of the dungeon, and saw 6 of its levels.
You also visited: Ossuary.

You collected 427 gold pieces.

Inventory:

Hand Weapons
 f - a +1 war axe (weapon)
 v - the +8 hunting sling of Benevolence {freeze, +Blink Str-4 Int+5, unknown}
   (You found it on level 4 of the Dungeon)

   It causes projectiles fired from it to freeze those they strike, causing
   extra injury to most foes and up to half again as much damage against
   particularly susceptible opponents.
   They can also slow down cold-blooded creatures.
   It affects your strength (-4).
   It affects your intelligence (+5).
   It lets you blink.
Armour
 b - a +0 animal skin (worn)
 q - a scarf of repulsion (worn)
Jewellery
 y - an amulet of the gourmand (around neck)
Wands
 t - a wand of clouds (5)
Scrolls
 d - 5 scrolls of teleportation
 g - a scroll of identify {unknown}
 i - 2 scrolls of remove curse
 k - a scroll of magic mapping {unknown}
 l - 2 scrolls of immolation {unknown}
 p - a scroll of noise {unknown}
 r - a scroll of fear {unknown}
 u - a scroll of blinking {unknown}
 x - 2 scrolls of enchant weapon
 z - a scroll of amnesia {unknown}
Potions
 a - 2 potions of curing {unknown}
 e - 2 potions of invisibility {unknown}
 h - a potion of lignification {unknown}
 j - a potion of agility {unknown}
 m - a potion of degeneration {unknown}
 n - a potion of flight {unknown}
 o - 2 potions of heal wounds {unknown}
 s - a potion of brilliance {unknown}
 w - 2 potions of might
 A - a potion of cancellation {unknown}
 B - 2 potions of ambrosia {unknown}
Comestibles
 c - 9 rations


   Skills:
 - Level 3.6 Fighting
 + Level 12.1 Axes
 - Level 2.4 Armour
 - Level 2.1 Dodging
 + Level 2.6 Stealth


You had 7 spell levels left.
You didn't know any spells.
Your spell library was empty.

Dungeon Overview and Level Annotations

Branches:
Dungeon (6/15)             Temple (0/1) D:5

Altars:
Beogh


Innate Abilities, Weirdness & Mutations

You reflexively headbutt those who attack you in melee.
You have a pair of horns on your head.


Message History

You hit the iguana. The centaur hits you. The iguana barely misses you.
You furiously retaliate!
You headbutt the iguana. You hit the centaur.
The centaur is moderately wounded.
You hit the iguana but do no damage. The centaur hits you!
The iguana bites you!
You closely miss the iguana.
The iguana is almost dead.
You hit the centaur. The centaur hits you!
* * * LOW HITPOINT WARNING * * *
The iguana bites you.
* * * LOW HITPOINT WARNING * * *
The centaur closely misses you. You furiously retaliate!
You headbutt the centaur.
A red film seems to cover your vision as you go berserk!
You feel yourself moving faster!
You feel mighty!
You feel quite a bit less full. The centaur hits you!
* * * LOW HITPOINT WARNING * * *
The iguana bites you!
You die...

#####......## ##
##...........#
#..#######...###
#.## ##....####
#.# ####.....
#(# #...## #.##
###... #.(# ####
##@# #cl.#
###.... ......
..... .. ../..
.# .... ....


You could see a centaur and an iguana.

Vanquished Creatures
  A sky beast (D:6)
  2 elf zombies (Ossuary)
  3 bullfrogs (D:6)
  5 scorpions
  A howler monkey (D:4)
  A centaur zombie (Ossuary)
  2 orc priests (D:6)
  5 human zombies (Ossuary)
  A gnoll shaman (D:4)
  Ijyb (D:3)
  An iguana (D:6)
  2 orc wizards
  A worker ant (D:4)
  A hound zombie (D:5)
  4 mummies
  3 adders
  8 gnolls
  A shadow imp (D:6)
  An ooze (D:1)
  2 adder zombies (Ossuary)
  4 worms
  3 leopard geckos
  18 orcs
  7 bats
  4 giant cockroaches
  7 goblins
  9 hobgoblins
  10 jackals
  6 kobolds
  A quokka (D:3)
  3 ball pythons
  4 frilled lizards
  2 gnoll zombies (Ossuary)
  5 goblin zombies
  2 hobgoblin zombies
  5 jackal zombies (Ossuary)
  5 kobold zombies (Ossuary)
  2 orc zombies (Ossuary)
  5 quokka zombies (Ossuary)
  2 rats
  3 rat zombies (Ossuary)
153 creatures vanquished.

Notes
Turn   | Place    | Note
-------+----------+-------------------------------------------
     0 | D:1      | Kniotic the Minotaur Berserker began the quest for the Orb.
     0 | D:1      | Reached XP level 1. HP: 19/19 MP: 0/0
    43 | D:1      | Reached skill level 4 in Axes
   160 | D:1      | Reached XP level 2. HP: 21/26 MP: 1/1
   936 | D:1      | Reached skill level 5 in Axes
   936 | D:1      | Reached XP level 3. HP: 31/31 MP: 2/2
   942 | D:1      | Found a roughly hewn altar of Beogh.
   943 | D:1      | Noticed an orc warrior
  1073 | D:2      | Reached ** piety under Trog
  1164 | D:2      | Reached XP level 4. HP: 30/39 MP: 3/3
  1166 | D:2      | Reached skill level 6 in Axes
  1923 | D:3      | Reached XP level 5. HP: 33/45 MP: 4/4
  2079 | D:3      | Reached skill level 7 in Axes
  2079 | D:3      | Reached skill level 1 in Stealth
  2239 | D:3      | Noticed Ijyb
  2253 | D:3      | Killed Ijyb
  2563 | D:3      | Reached *** piety under Trog
  2598 | D:4      | Got a dazzling hunting sling
  2645 | D:4      | Reached XP level 6. HP: 43/51 MP: 5/5
  2647 | D:4      | Reached skill level 8 in Axes
  3298 | D:4      | Reached skill level 9 in Axes
  3391 | D:4      | Reached XP level 7. HP: 47/57 MP: 6/6
  3907 | D:5      | Entered Level 5 of the Dungeon
  4365 | D:5      | Found a staircase to the Ecumenical Temple.
  4563 | D:6      | Reached skill level 10 in Axes
  4595 | D:6      | Found a sand-covered staircase.
  4623 | Ossuary  | Entered an ossuary
  4978 | Ossuary  | Reached **** piety under Trog
  5135 | Ossuary  | Reached XP level 8. HP: 59/64 MP: 7/7
  5178 | Ossuary  | Reached skill level 11 in Axes
  5567 | D:6      | Reached skill level 12 in Axes
  5971 | D:6      | Slain by an iguana

Skill      XL: |  1  2  3  4  5  6  7  8 |
---------------+-------------------------+-----
Axes           | 4 5 6 7 9 10 12 | 12.1
Stealth        | 1 2 |  2.6
Fighting       | |  3.6
Armour         | |  2.4
Dodging        | |  2.1

Action                   |  1- 3 |  4- 6 |  7- 9 || total
-------------------------+-------+-------+-------++-------
Melee: Hand axe          |    72 |    42 |       ||   114
       Headbutt          |    13 |    21 |    39 ||    73
       War axe           |       |    90 |   150 ||   240
Invok: Berserk           |     1 |     2 |     2 ||     5
  Use: Scroll            |       |       |     3 ||     3
 Stab: Sleeping          |       |     2 |       ||     2
  Eat: Chunk             |     1 |     9 |    11 ||    21
       Ration            |       |       |     1 ||     1
Armor: Animal skin       |    12 |    10 |    15 ||    37
Dodge: Dodged            |    45 |    78 |    67 ||   190
       Deflected         |       |     1 |     2 ||     3
